[Event "3rd Rio Open-Rapid 2024"]
[Site "Rio de Janeiro"]
[Date "2024.04.24"]
[Round "7.2"]
[White "Urquiza, Marcello de Albuquer"]
[Black "De Siqueira, Luigy Lira"]
[Result "0-1"]
[ECO "C45"]
[WhiteElo "2005"]
[BlackElo "2274"]
[Annotator "TA"]
[PlyCount "100"]
[EventDate "2024.04.12"]
[EventType "swiss"]
[EventCountry "BRA"]
[SourceTitle "playchess.com"]
[Source "ChessBase"]
[SourceQuality "1"]
[TimeControl "600+5"]

1. e4 e5 2. Nf3 Nc6 3. d4 exd4 4. Nxd4 Bc5 5. Nb3 Bb6 6. Nc3 Nf6 7. Qe2 O-O (7... a5 $5) 8. Be3 d5 {[%emt 0:00:01][%cal Bd7d5,Bd5d4][%mdl 32] [#] ...Bg4 would now be deadly.} 9. O-O-O $1 {[%emt 0:02:26] The position is equal.} d4 10. Bg5 h6 11. Bxf6 Qxf6 12. Nd5 Qd6 13. Qd2 (13. Qd3 $11) 13... Be6 $17 14. Bc4 Bxd5 (14... Ne5 $17 15. Be2 c5) 15. Bxd5 $15 Nb4 16. Bc4 Nxa2+ 17. Kb1 Nb4 (17... Qb4 $1 $11 {keeps the balance.} 18. Qxb4 Nxb4) 18. e5 $1 $16 Qe7 {[%emt 0:00:17] [#]} 19. Nxd4 (19. e6 $1 $16 c5 (19... fxe6 20. Rde1 $16) 20. exf7+ Rxf7 21. Rhe1 (21. Bxf7+ Qxf7 22. Nc1 Nc6 $11)) 19... Bxd4 $15 20. Qxd4 Nc6 $1 $36 {[%emt 0:00:01][%csl LRd4,LRe5][%mdl 2048] Black has good play.} 21. Qd7 Qxe5 22. g3 Rad8 23. Qg4 Qc5 {[%emt 0:00:15] And now ...Ne5 would win.} 24. Be2 (24. Qf4 $17) 24... Qxf2 $19 25. Rdf1 Qd4 26. Rf4 Qd7 27. Qh5 Qd5 {[%emt 0:00:06] Repels Bc4} 28. Qxd5 Rxd5 29. Bc4 Rd4 30. Rhf1 Rxf4 31. Rxf4 {[%emt 0:00:01][%mdl 4096] Endgame. KRB-KRN} Ne5 32. Bd5 c6 33. Be4 Rd8 34. Kc1 Kf8 35. Bg2 Ke7 36. Rb4 Rd7 37. Bh3 Rc7 38. Re4 f6 39. Ra4 a6 40. Bg2 Rd7 41. Rb4 b5 42. Rb3 a5 43. Rc3 Rd6 44. b3 Ke6 45. Bh3+ Ke7 46. Bg2 $1 Kd7 47. h3 Kc7 48. g4 Rd4 49. Re3 Rf4 50. Be4 Kd6 {[%emt 0:00:12] Weighted Error Value: White=0.21 (precise) /Black=0.21 (precise) .  Mistake:       	White=3     	Black=2      Inaccurate:     	White=3     	Black=1      OK:         	White=9     	Black=18     Best:        	---       	Black=2      Strong:       	White=3     	---} 0-1

[Event "3rd Rio Open-Rapid 2024"]
[Site "Rio de Janeiro"]
[Date "2024.04.24"]
[Round "7.3"]
[White "Ribeiro, Matheus Mendes Domin"]
[Black "Librelato, Kathie Goulart"]
[Result "1-0"]
[ECO "E71"]
[WhiteElo "2228"]
[BlackElo "2165"]
[Annotator "TA"]
[PlyCount "43"]
[EventDate "2024.04.12"]
[EventType "swiss"]
[EventCountry "BRA"]
[SourceTitle "playchess.com"]
[Source "ChessBase"]
[SourceQuality "1"]
[TimeControl "600+5"]

1. c4 Nf6 2. Nc3 g6 3. e4 d6 4. d4 Bg7 5. h3 O-O 6. Be3 c6 7. g4 a6 8. a4 a5 9. Nge2 {[%emt 0:00:08] The position is equal.} Na6 10. Ng3 Nb4 11. Qd2 Nd7 12. f3 (12. O-O-O $142) 12... Re8 (12... e5 $11 13. d5 Nc5 14. Bxc5 dxc5) 13. h4 $14 Nf8 (13... b6 $14) 14. h5 $16 Ne6 (14... Qc7 $16 {was necessary.}) 15. hxg6 $18 fxg6 16. Qh2 c5 $2 (16... Nf8 $16 17. O-O-O Bd7) 17. Qxh7+ $2 (17. Nf5 $18 {has better winning chances.} gxf5 18. Qxh7+ (18. gxf5 Nf8 $18) 18... Kf7 19. Qh5+ (19. exf5 Rh8 $18) (19. Qxf5+ Kg8 $18) 19... Kg8 20. Qh7+ (20. Qxf5 $2 Nf8 $19) (20. gxf5 Nc2+ 21. Kf2 Nxe3 $18) 20... Kf7 21. exf5 (21. Qxf5+ Kg8 $14)) 17... Kf7 $16 {[%emt 0:00:01][%cal Bg8f7,Bf7f6,Bf6g5][%mdl 32] [#]} 18. Nf5 $1 {[%emt 0:01:41][%cal Bg3f5,Bf5h6,Bh6f7][%mdl 32] Nh6+ would kill now. White is more active.} Nc2+ $2 (18... Rh8 $16 19. Nh6+ Kf8 20. Qxg6 Qe8 (20... Nc2+ $2 21. Kd2 $18) 21. Qf5+ Bf6) 19. Kf2 $2 (19. Kd2 $18 {Intending Nh6+ and mate.} Rh8 20. Nh6+ (20. Kxc2 $2 {loses.} Rxh7 21. Rxh7 gxf5 $19) 20... Kf8 21. Qxg6) 19... Nxe3 $4 (19... Rh8 $16 20. Nh6+ Kf8 21. Qxg6 Qe8 22. Qf5+ Bf6) 20. Nh6+ {[%emt 0:01:00] White mates.} (20. Nxe3 $2 {is the wrong capture.} Rh8 $19 (20... cxd4 $2 21. Nf5 $19) (20... cxd4 $2 21. Nf5 $19)) 20... Kf6 21. e5+ Kg5 22. Nf7+ {[%emt 0:00:00] Weighted Error Value: White=0.48/Black=0.93.  Loses game:     	---       	Black=3      Missed win:     	White=2     	---        Mistake:       	White=1     	Black=3      Inaccurate:     	White=1     	Black=1      OK:         	White=3     	Black=2      Best:        	White=2     	Black=1      Strong:       	White=1     	---} 1-0

[Event "3rd Rio Open-Rapid 2024"]
[Site "Rio de Janeiro"]
[Date "2024.04.24"]
[Round "7.5"]
[White "Mattos, Bernardo Cunha"]
[Black "Lima, Juarez Antonio A de "]
[Result "1-0"]
[ECO "A53"]
[WhiteElo "1710"]
[BlackElo "1894"]
[Annotator "NA RC"]
[PlyCount "95"]
[EventDate "2024.04.12"]
[EventType "swiss"]
[EventCountry "BRA"]
[SourceTitle "playchess.com"]
[Source "ChessBase"]
[SourceQuality "1"]
[TimeControl "600+5"]

1. c4 e5 2. Nc3 Nf6 3. Nf3 d6 4. d4 Nc6 5. dxe5 dxe5 6. Qxd8+ Kxd8 7. Bg5 Be7 8. O-O-O+ Bd7 9. Nd5 Nxd5 10. cxd5 Nb4 11. a3 Na6 12. Bxe7+ Kxe7 13. Nxe5 Bf5 14. f3 f6 15. Nc4 Rad8 16. e4 Bg6 17. Na5 Nc5 18. b4 Nd7 19. Nxb7 Rb8 20. Na5 Ra8 21. Bb5 Ne5 22. Nc6+ Nxc6 23. Bxc6 Rab8 24. Kb2 a5 25. Kb3 axb4 26. axb4 Kd6 27. Ra1 Rb6 28. Ra7 Rhb8 29. b5 Be8 30. Bxe8 Rxe8 31. Ka4 f5 32. Re1 Re7 33. Kb4 Re8 34. Kc4 Reb8 35. e5+ Kd7 36. Rb1 Re8 37. f4 g5 38. g3 gxf4 39. gxf4 Rg8 40. d6 Rg4 41. Rxc7+ Kd8 42. Kc5 Rb8 43. e6 Rg2 44. Rc1 Rb2 45. Kc6 R2xb5 46. e7+ Ke8 47. d7+ Kxe7 48. d8=Q+ 1-0